Map: Mist Opportunities

Players

CtG

  • Race: Protoss Protoss
  • Spawn Location: 6:00

CtG

  • Race: Terran Terran
  • Spawn Location: 5:00

VOD

https://youtu.be/Q4KMsWC-xLQ

Description

A solo full clear run of Mist Opportunities using Artanis. Makes use of an Artosis Pylon to conserve minerals. Timing of top bars and attacks are also important.

Time

  • Played on: June 1, 2018, 10:11 p.m.
  • Length: 30:08
Show
View Real Time Build Order
Export as new Build Order

CtG Protoss 

Build Orders:  

Get SALT Encoding   

  12  0:03  Probe (Chrono Boost)  
  13  0:16  Probe (Chrono Boost)  
  14  0:27  Probe (Chrono Boost)  
  15  0:35  Gateway  
  15  0:43  Probe (Chrono Boost)  
  16  0:51  Assimilator  
  16  0:58  Probe (Chrono Boost)  
  17  1:03  Assimilator  
  17  1:09  Probe (Chrono Boost)  
  19  1:20  Probe (Chrono Boost)  
  19  1:31  Probe (Chrono Boost)  
  20  1:40  Zealot  
  20  1:47  Probe (Chrono Boost)  
  24  2:01  Zealot  
  24  2:04  Probe (Chrono Boost)  
  26  2:13  Cybernetics Core  
  27  2:20  Zealot  
  27  2:21  Probe (Chrono Boost)  
  29  2:38  Probe (Chrono Boost)  
  30  3:07  Nexus  
  30  3:18  Probe (Chrono Boost)  
  31  3:38  Twilight Council  
  32  3:45  Probe (Chrono Boost)  
  33  4:02  Probe (Chrono Boost)  
  33  4:03  Whirlwind  
  33  4:18  Probe (Chrono Boost)  
  34  4:20  Pylon, Assimilator  
  34  4:25  Assimilator  
  35  4:35  Probe (Chrono Boost)  
  35  4:39  Templar Archives  
  35  4:47  Zealot  
  38  4:52  Probe (Chrono Boost)  
  38  5:02  Khaydarin Amulet  
  38  5:15  Probe (Chrono Boost)  
  38  5:21  Probe (Chrono Boost), Psionic Storm  
  38  5:26  Probe (Chrono Boost), Zealot  
  41  5:37  Probe (Chrono Boost)  
  41  5:38  Probe (Chrono Boost)  
  43  5:48  Probe (Chrono Boost)  
  45  5:55  Probe (Chrono Boost), Gateway  
  46  6:00  Probe (Chrono Boost)  
  48  6:11  Probe (Chrono Boost)  
  48  6:12  Probe (Chrono Boost)  
  48  6:17  High Templar  
  48  6:18  High Templar  
  48  6:19  Archon  
  52  6:22  Probe (Chrono Boost)  
  52  6:26  Charge  
  52  6:29  Probe (Chrono Boost)  
  54  6:33  Probe (Chrono Boost)  
  56  6:43  High Templar  
  56  6:44  Probe (Chrono Boost)  
  56  6:45  Probe (Chrono Boost)  
  56  6:47  Plasma Surge  
  59  6:57  Probe (Chrono Boost)  
  61  7:02  Probe (Chrono Boost)  
  61  7:07  High Templar  
  61  7:09  Archon  
  63  7:19  Probe (Chrono Boost)  
  62  7:28  Gateway  
  60  7:31  Gateway  
  60  7:32  Robotics Facility, Forge  
  60  8:00  Gateway  
  60  8:06  Zealot x2  
  64  8:21  Protoss Ground Weapons Level 1  
  64  8:22  High Templar x2  
  68  8:32  Archon  
  68  8:44  Zealot x2  
  68  8:47  High Templar x2  
  76  8:58  Archon  
  76  9:11  Zealot x2  
  76  9:12  Zealot  
  76  9:13  High Templar x2  
  86  9:20  Archon  
  86  9:58  Zealot x2  
  86  9:59  Zealot, High Templar  
  94  10:03  High Templar  
  94  10:06  Zealot  
  94  10:23  Archon  
  94  10:25  Observer  
  94  10:26  Zealot x7  
  107  11:07  Pylon  
  107  11:12  High Templar x2  
  107  11:13  Zealot x6  
  123  11:24  Archon  
  123  11:26  High Templar x2  
  123  11:28  Zealot x2  
  131  11:30  Zealot  
  131  11:39  Photon Cannon  
  125  11:43  Photon Cannon  
  117  11:57  High Templar x2  
  117  11:59  Zealot x4  
  127  12:15  Archon  
  127  12:17  Archon  
  115  13:00  High Templar x2  
  115  13:02  Zealot x3  
  115  13:03  Zealot x3  
  117  13:14  Archon  
  117  13:26  High Templar  
  117  13:27  High Templar  
  117  13:28  Zealot x4  
  125  13:35  Archon  
  125  13:44  Immortal x2  
  125  13:48  Zealot  
  125  13:49  Zealot x3  
  141  14:01  Gateway  
  141  14:04  Gateway  
  141  14:06  Gateway  
  117  14:22  High Templar x2  
  117  14:23  Zealot x3  
  117  14:24  Zealot x2  
  117  14:27  Archon  
  119  14:48  High Templar  
  113  14:54  High Templar  
  111  15:03  Archon  
  101  15:21  Immortal  
  101  15:22  Zealot, Immortal  
  101  15:23  Zealot x6  
  123  15:38  Zealot  
  125  15:42  Zealot  
  125  15:44  Zealot  
  125  15:46  Zealot  
  125  15:49  Zealot  
  129  15:52  Observer  
  127  16:02  Protoss Ground Weapons Level 2  
  127  16:04  Immortal  
  127  16:07  Zealot x5  
  133  16:42  High Templar x2  
  131  16:50  Zealot x3  
  131  16:51  Zealot x2  
  131  16:55  Archon  
  131  16:57  Observer  
  137  17:07  High Templar  
  131  17:12  Dragoon  
  113  17:36  Zealot x4  
  113  17:39  High Templar  
  123  17:47  Archon  
  103  18:02  Zealot x4  
  103  18:08  High Templar  
  103  18:09  High Templar  
  106  18:21  Observer  
  106  18:29  Zealot x3  
  103  18:51  Archon  
  103  18:59  Zealot x7  
  117  19:22  Pylon  
  117  19:44  Pylon  
  117  19:57  High Templar x2  
  117  19:58  Zealot x5  
  117  19:59  Zealot x3  
  137  20:01  Pylon  
  137  20:03  Archon  
  137  20:09  Zealot x5  
  139  20:24  Zealot x6  
  139  20:25  High Templar  
  139  20:26  High Templar  
  139  20:29  Archon  
  145  20:33  Zealot x2  
  145  20:34  Zealot x3  
  155  20:44  High Templar x2  
  155  20:49  Archon  
  153  20:50  Zealot x2  
  155  21:00  High Templar x2  
  155  21:07  Dragoon  
  155  21:08  Dragoon  
  159  21:14  Observer  
  152  21:28  Zealot  
  140  21:50  Zealot x3  
  140  21:51  Zealot x2  
  150  22:03  Immortal  
  150  22:04  Immortal  
  158  22:18  High Templar x2  
  162  22:22  Archon  
  162  22:25  Protoss Ground Weapons Level 3  
  162  22:58  Pylon  
  162  23:04  Pylon  
  162  23:09  Dragoon  
  164  23:10  Dragoon  
  166  23:26  Pylon  
  166  23:45  Photon Cannon  
  166  23:46  Photon Cannon  
  166  25:00  Photon Cannon  
  166  25:02  Photon Cannon  
  166  25:17  High Templar x2  
  166  25:19  Zealot x4  
  178  25:21  Pylon  
  178  25:26  Archon  
  178  25:37  High Templar  
  178  25:38  High Templar  
  182  25:40  Zealot x5  
  182  25:42  Archon  
  192  25:55  High Templar x2  
  192  25:56  Zealot x2  
  200  26:16  Archon  
  200  26:31  Protoss Shields Level 1  
  188  28:55  Zealot, High Templar x2  
  188  28:56  Zealot x3  
  200  29:00  Archon  
Show
View Real Time Build Order
Export as new Build Order

CtG Terran 

Build Orders:  

Get SALT Encoding   

Tags
 
Add a new tag
Caveats
  • Supply blocks, unpowered buildings, or Contaminate may cause inaccurate times.
  • Supply counts are checked every 10 seconds.